 Dungeon Crawl Stone Soup version 0.23.0 (webtiles) character file.

Game seed: 11106921197665765679

296 inmateoo the Chopper (level 6, -6/55 HPs)
             Began as a Minotaur Fighter on Feb 12, 2019.
             Mangled by Grinder (7 damage)
             ... while paralysed by Grinder
             ... on level 4 of the Dungeon.
             The game lasted 00:01:51 (2478 turns).

inmateoo the Chopper (Minotaur Fighter)             Turns: 2478, Time: 00:01:52

Health: -6/55      AC:  7    Str: 22    XL:     6   Next: 12%
Magic:  5/5        EV:  2    Int:  5    God:
Gold:   174        SH:  0    Dex: 10    Spells: 5/5 levels left

rFire    . . .     SeeInvis .   a - +0 war axe
rCold    . . .     Gourm    +   c - +0 shield
rNeg     . . .     Faith    .   b - +0 scale mail
rPois    .         Spirit   .   (helmet restricted)
rElec    .         Reflect  .   (no cloak)
rCorr    .         Harm     .   (no gloves)
MR       .....                  (no boots)
Stlth    ..........             e - amulet of the gourmand
HPRegen  0.18/turn              (no ring)
MPRegen  0.09/turn              (no ring)

@: paralysed
A: retaliatory headbutt, horns 2
a: no special abilities


You were on level 4 of the Dungeon.
You were not hungry.

You visited 1 branch of the dungeon, and saw 4 of its levels.

You collected 174 gold pieces.

Inventory:

Hand Weapons
 a - a +0 war axe (weapon)
Armour
 b - a +0 scale mail (worn)
 c - a +0 shield (worn)
Jewellery
 e - an amulet of the gourmand (around neck)
 o - a +3 ring of dexterity {unknown}
Wands
 n - a wand of enslavement (4)
 u - a wand of random effects (14)
Scrolls
 g - 3 scrolls of identify {unknown}
 h - a scroll of remove curse {unknown}
 q - a scroll of immolation {unknown}
 r - 2 scrolls of fog {unknown}
 s - a scroll of noise {unknown}
Potions
 d - 2 potions of might
 i - a potion of resistance {unknown}
 j - 2 potions of lignification {unknown}
 k - 2 potions of ambrosia {unknown}
 l - a potion of agility {unknown}
 m - a potion of haste {unknown}
 p - a potion of brilliance {unknown}
 t - a potion of heal wounds {unknown}
Comestibles
 f - 4 rations


   Skills:
 + Level 4.8 Fighting
 * Level 5.3 Axes
 + Level 4.9 Armour
 + Level 4.9 Shields


You had 5 spell levels left.
You didn't know any spells.
Your spell library was empty.

Dungeon Overview and Level Annotations

Branches:
Dungeon (4/15)
 Temple: D:4-7

Altars:

Annotations:
D:4 Grinder


Innate Abilities, Weirdness & Mutations

You reflexively headbutt those who attack you in melee.
You have a pair of horns on your head.


Message History

Grinder gestures at you.
You suddenly lose the ability to move!
The bullfrog skeleton barely misses you.
The bullfrog skeleton hits you but does no damage.
Grinder hits you but does no damage. The bullfrog skeleton hits you.
Grinder hits you but does no damage. The bullfrog skeleton hits you.
* * * LOW HITPOINT WARNING * * *
Grinder hits you but does no damage.
The bullfrog skeleton hits you but does no damage.
The bullfrog skeleton hits you.
* * * LOW HITPOINT WARNING * * *
Grinder hits you.
* * * LOW HITPOINT WARNING * * *
The bullfrog skeleton hits you.
* * * LOW HITPOINT WARNING * * *
Grinder hits you but does no damage.
The bullfrog skeleton hits you but does no damage.
Grinder hits you!
You die...

#######..>....##.......
#............###.......
#.#####......# #.......
#.############ #######.
#.#...# #..+ #.
#.#.8.+#.?.# #.
#.#...#...# #.
#.#...#).# #. #.'.85@#
## ###(..#Z# #...#..#
#.8.+##.. #...# .##
##### #


You could see Grinder and a bullfrog skeleton.

Vanquished Creatures
  A centaur (D:4)
  A howler monkey (D:2)
  A centaur skeleton (D:4)
  2 worker ants (D:4)
  3 adders (D:2)
  5 worms
  3 dart slugs
  4 leopard geckos
  3 orcs (D:3)
  2 giant cockroaches
  4 goblins
  6 hobgoblins
  4 jackals (D:2)
  4 kobolds
  A quokka (D:2)
  A ball python (D:3)
  A ball python skeleton (D:3)
  4 bats
  7 frilled lizards
  5 rats
62 creatures vanquished.

Notes
Turn   | Place    | Note
-------+----------+-------------------------------------------
     0 | D:1      | inmateoo the Minotaur Fighter began the quest for the Orb.
     0 | D:1      | Reached XP level 1. HP: 19/19 MP: 0/0
   113 | D:1      | Reached XP level 2. HP: 27/27 MP: 1/1
   123 | D:1      | Reached skill level 3 in Axes
   607 | D:2      | Reached XP level 3. HP: 29/33 MP: 2/2
   731 | D:2      | Reached XP level 4. HP: 28/40 MP: 3/3
   805 | D:2      | Reached skill level 4 in Axes
  1968 | D:3      | Reached XP level 5. HP: 47/47 MP: 4/4
  2454 | D:4      | Noticed a centaur
  2454 | D:4      | Noticed Grinder
  2460 | D:4      | Killed a centaur
  2460 | D:4      | Reached skill level 5 in Axes
  2460 | D:4      | Reached XP level 6. HP: 31/55 MP: 5/5
  2463 | D:4      | Paralysed by Grinder for 3 turns
  2472 | D:4      | Paralysed by Grinder for 7 turns
  2477 | D:4      | HP: 1/55 [bullfrog skeleton (6)]
  2478 | D:4      | Mangled by Grinder

Skill      XL: |  1  2  3  4  5 |
---------------+----------------+-----
Axes           | 3 4 5 |  5.3
Fighting       | 4 |  4.8
Armour         | 4 |  4.9
Shields        | 4 |  4.9

Action                   |  1- 3 |  4- 6 || total
-------------------------+-------+-------++-------
Melee: War axe           |    55 |   102 ||   157
       Headbutt          |    16 |    16 ||    32
  Eat: Chunk             |    10 |     2 ||    12
Armor: Scale mail        |    26 |    62 ||    88
Dodge: Dodged            |    10 |    29 ||    39
Block: Shield            |    21 |    52 ||    73
